 Dungeon Crawl Stone Soup version 0.28.0-45-g0d030f2227 (webtiles) character file.

Game seed: 1898244477061681911

2 joshe the Grave Robber (level 1, -3/13 HPs)
             Began as a Mummy Necromancer on Apr 24, 2022.
             Slain by a gnoll
             ... wielding a +0 flail
              (10 damage)
             ... on level 1 of the Dungeon.
             The game lasted 00:01:10 (44 turns).

joshe the Grave Robber (Mummy Necromancer)            Turns: 44, Time: 00:01:10

Health: -3/13      AC:  2    Str: 11    XL:     1   Next: 25%
Magic:  2/4        EV:  9    Int: 14    God:
Gold:   0          SH:  0    Dex: 12    Spells: 4/5 levels left

rFire   x . .      SeeInvis .   (no weapon)
rCold   + . .      Faith    .   (no shield)
rNeg    + + +      Spirit   .   a - +0 robe
rPois   ∞          Reflect  .   (no helmet)
rElec   .          Harm     .   (no cloak)
rCorr   .          Rampage  .   (no gloves)
Will    .....                   (no boots)
Stlth   ++........              (no amulet)
HPRegen 0.04/turn               (no ring)
MPRegen 0.09/turn               (no ring)

@: constricted
A: cold resistance 1, negative energy resistance 3, torment resistance 2, heat
vulnerability 1, no potions
a: no special abilities


You were on level 1 of the Dungeon.
You visited 1 branch of the dungeon, and saw 1 of its levels.

Inventory:

Armour
 a - a +0 robe (worn)


   Skills:
 - Level 1.5 Dodging
 - Level 1.5 Stealth
 + Level 2.8 Spellcasting
 + Level 4.0 Necromancy


You had 4 spell levels left.
You knew the following spells:

 Your Spells              Type           Power      Damage    Failure   Level
a - Pain                  Necr           52%        1d6       4%          1

Your spell library contained the following spells:

 Spells                   Type           Power      Damage    Failure   Level
 Animate Skeleton         Necr           26%        N/A       4%          1
 Vampiric Draining        Necr           13%        2d6       12%         3
 Animate Dead             Necr           6%         N/A       38%         4
 Agony                    Necr           13%        N/A       75%         5


Dungeon Overview and Level Annotations

Branches:
Dungeon (1/15)

Altars:


Innate Abilities, Weirdness & Mutations

You are immune to poison.
Your flesh is cold resistant. (rC+)
You are immune to negative energy. (rN+++)
You are immune to unholy pain and torment.
You are vulnerable to heat. (rF-)
You do not drink.


Message History

A hobgoblin comes into view.
The hobgoblin shouts!
You can't see any susceptible monsters within range! (Use Z to cast anyway.)
A ball python comes into view.
The ball python hisses angrily.
The ball python writhes in agony.
You kill the ball python!
A giant cockroach comes into view.
The hobgoblin writhes in agony.
A ball python comes into view.
The hobgoblin barely resists.
The ball python hisses angrily.
The giant cockroach writhes in agony.
You kill the giant cockroach!
Found Ozocubu's Autobiography.
A gnoll comes into view. It is wielding a +0 flail.
The hobgoblin writhes in agony.
You barely miss the hobgoblin.
The hobgoblin is heavily wounded.
The hobgoblin barely misses you. The ball python bites you.
The ball python closely misses you.
You closely miss the hobgoblin.
The hobgoblin is heavily wounded.
The ball python barely misses you. The ball python completely misses you.
The hobgoblin barely misses you.
You hit the hobgoblin but do no damage.
The hobgoblin is heavily wounded.
The ball python bites you. The ball python closely misses you.
The hobgoblin closely misses you.
You barely miss the hobgoblin.
The hobgoblin is heavily wounded.
The ball python barely misses you. The ball python grabs you.
The ball python constricts you.
The hobgoblin hits you but does no damage.
You closely miss the hobgoblin.
The hobgoblin is heavily wounded.
The ball python barely misses you. The ball python constricts you.
The hobgoblin barely misses you. The gnoll hits you with a +0 flail!
Ouch! That really hurt!
You die...

.S #. ..... #.##
#.... #.## #.#...
##.# .##.. #.##
#.##..
#..###..##.#######
##.(#..##.g.......
#..#..##.@# ##...#
#Sg# #.<.# #..#
#...###..#
#..#..##..#
#..#..##..#
#..###.S#..#######
#.# ##.#....:....
#. #g##.#######


You could see a gnoll, a hobgoblin and a ball python.

Vanquished Creatures
  A giant cockroach (D:1)
  A ball python (D:1)
2 creatures vanquished.

Notes
Turn   | Place    | Note
-------+----------+-------------------------------------------
     0 | D:1      | joshe the Mummy Necromancer began the quest for the Orb.
     0 | D:1      | Reached XP level 1. HP: 13/13 MP: 4/4
    44 | D:1      | Slain by a gnoll

Illustrated notes

Levels and vault maps discovered:
D:1:      dpeg_arrival_simpleton_a, layout_basic, serial_glass, glass_columns_b,
          glass_columns_a, ebering_ecumenical_altar_box, kennysheep_nondescript,
          minmay_misc_feat_more_columns, chequers_serial_rivers_micro_a

Action                   || total
-------------------------++-------
Melee: Unarmed           ||     5
 Cast: Pain              ||     5
Armor: Robe              ||     1
Dodge: Dodged            ||    10
